 Dungeon Crawl Stone Soup version 0.29-a0-1009-g60c99734e7 (webtiles) character file.

Game seed: 15819723837018519404

5 spaghetti the Caller (level 1, -1/15 HPs)
             Began as a Naga Summoner on Aug 8, 2022.
             Slain by a worm (7 damage)
             ... on level 2 of the Dungeon.
             The game lasted 00:00:26 (211 turns).

spaghetti the Caller (Naga Summoner)                 Turns: 211, Time: 00:00:27

Health: -1/15      AC:  1    Str: 10    XL:     1   Next: 80%
Magic:  1/3        EV:  9    Int: 15    God:
Gold:   0          SH:  0    Dex: 11    Spells: 3/4 levels left

rFire   . . .      SeeInvis +   c - +3 dagger (venom) {short}
rCold   . . .      Faith    .   (no shield)
rNeg    . . .      Spirit   .   a - +0 robe
rPois   +          Reflect  .   (no helmet)
rElec   .          Harm     .   (no cloak)
rCorr   .          Rampage  .   (no gloves)
Will    .....                   (no barding)
Stlth   ++........              (no amulet)
HPRegen 0.05/turn               (no ring)
MPRegen 0.08/turn               (no ring)

@: very slow
A: AC +0, large, see invisible, deformed body, poison resistance, slowness 2,
spit poison 1, naga tail 1
a: Spit Poison


You were on level 2 of the Dungeon.
You visited 1 branch of the dungeon, and saw 2 of its levels.


Innate Abilities, Weirdness & Mutations

Your serpentine skin is tough. (AC +0)
You have supernaturally acute eyesight. (SInv)
Armour fits poorly on your strangely shaped body.
Your system is resistant to poisons. (rPois)
You cover ground very slowly.
You can spit poison.
You have a snake-like lower body.


   Skills:
 - Level 1.5 Dodging
 - Level 3.0 Stealth
 + Level 2.2 Spellcasting
 + Level 4.1 Summonings


You had 3 spell levels left.
You knew the following spells:

 Your Spells              Type           Power      Damage    Failure   Level
a - Summon Small Mammal   Summ           56%        N/A       4%          1

Your spell library contained the following spells:

 Spells                   Type           Power      Damage    Failure   Level
 Call Imp                 Summ           14%        N/A       6%          2
 Call Canine Familiar     Summ           14%        N/A       12%         3
 Summon Guardian Golem    Hex/Summ       7%         N/A       28%         3
 Summon Lightning Spire   Summ/Air       7%         N/A       67%         4

Inventory:

Hand Weapons
 c - a +3 dagger of venom (weapon) {short}
   (You took it off a goblin on level 2 of the Dungeon)
Armour
 a - a +0 robe (worn)
Potions
 b - a potion of magic

Dungeon Overview and Level Annotations

Branches:
Dungeon (1/15) Zot: 11771

Altars:

#.. #..# #..# #..# ####
#..######..<#
###...........####
...#†............##
.######.#.####.#####...#
b....rw@...# #.##....#..
..###.r###.# #.##.##...#
.=... .# #..........
....... .. #..#.##...#
....... ...##.....##.##
......[ #.......#....##
....... ...........#####
...?... _...##....## #
##.. ###### #


You could see a worm (very poisoned, ally target), a bat (asleep) and 2 friendly
quokkas.


Message History

A bat is nearby!
A bat is nearby!
A bat is nearby!
The helpless bat fails to defend itself.
You hit the bat. The bat completely misses you. The bat hits you. 😕 HP[-1]
You take 1 damage, and now have 14/15 hp.
You are too injured to fight recklessly!
You are too injured to fight recklessly!
You are too injured to fight recklessly!
You are too injured to fight recklessly!
You are too injured to fight recklessly!
You are too injured to fight recklessly!
You are too injured to fight recklessly!
You are too injured to fight recklessly!
You are too injured to fight recklessly!
You are too injured to fight recklessly!
You are too injured to fight recklessly!
You are too injured to fight recklessly!
You are too injured to fight recklessly!
You are too injured to fight recklessly!
You are too injured to fight recklessly!
Casting: Summon Small Mammal (safe; 4% risk of failure)
Confirm with . or Enter, or press ? or * to list all spells.
The bat hits you but does no damage. x2; The bat hits you. 😕 HP[-1] MP[-1]
You take 1 damage, and now have 13/15 hp.
You lost 1 mp, and now have 2/3 mp.
Casting: Summon Small Mammal (safe; 4% risk of failure)
Confirm with . or Enter, or press ? or * to list all spells.
The bat hits you.
Your bat closely misses the bat.
The bat closely misses you. The bat hits you. 😮 HP[-2] MP[-1]
You take 2 damage, and now have 11/15 hp.
You lost 1 mp, and now have 1/3 mp.
Unknown command.
You hit the bat.
Your bat completely misses the bat.
Your bat barely misses the bat.
The bat hits you.
The bat hits your bat but does no damage. 😮 HP[-1]
You take 1 damage, and now have 10/15 hp.
You barely miss the bat. The bat hits you but does no damage.
The bat barely misses your bat.
Your bat hits the bat but does no damage.
Your bat misses the bat. The bat hits you.
Your bat closely misses the bat.
Your quokka misses the bat. The bat misses your quokka. 😮 HP[-1]
You take 1 damage, and now have 9/15 hp.
The bat completely misses you. The bat barely misses you.
Your quokka bites the bat.
The bat dies!
Your quokka disappears in a puff of smoke!
Your bat disappears in a puff of smoke!
Found a faded altar of an unknown god. 😎 HP[+6] MP[+2]
Your hp is fully restored (15).
Your mp is fully restored (3).
Key pressed, stopping explore.
Found a stone staircase leading up.
A goblin comes into view. It is wielding a +3 dagger of venom.
A goblin is nearby!
A goblin is nearby!
The helpless goblin fails to defend itself.
You hit the goblin. The goblin completely misses you.
You hit the goblin.
You kill the goblin!
No target in view!
No target in view!
No target in view!
No target in view!
No target in view!
No target in view!
No target in view!
No target in view!
No target in view!
Unknown command.
c - a +3 dagger of venom {short} You see here a goblin corpse.
Your +3 dagger of venom {short} begins to drip with poison!
c - a +3 dagger of venom (weapon)
{short} A worm comes into view.
A worm is nearby!
A worm is nearby!
A bat comes into view.
You hit the worm. The worm bites you. 😮 HP[-6]
You take 6 damage, and now have 9/15 hp.
MASSIVE DAMAGE!! (PAUSE)
You hit the worm.
The worm is poisoned.
Casting: Summon Small Mammal (safe; 4% risk of failure)
Confirm with . or Enter, or press ? or * to list all spells.
The worm bites you.
* * * LOW HITPOINT WARNING * * *
😨 HP[-3] MP[-1]
You take 3 damage, and now have 6/15 hp.
You lost 1 mp, and now have 2/3 mp.
Casting: Summon Small Mammal (safe; 4% risk of failure)
Confirm with . or Enter, or press ? or * to list all spells.
The worm bites you!
You die...

Action                   || total
-------------------------++-------
Melee: Unarmed           ||    10
       Dagger            ||     2
 Cast: Summon Small Mamm ||     8
 Abil: Spit Poison       ||     1
 Stab: Sleeping          ||     3
Armor: Robe              ||     6
Dodge: Dodged            ||    10

Levels and vault maps discovered:
D:1:      lightli_arrival_lavapool, layout_rooms
D:2:      kennysheep_the_goblin_king, layout_loops_ring,
          hellmonk_ecumenical_altar_lost_god

Notes
Turn   | Place    | Note
-------+----------+-------------------------------------------
     0 | D:1      | spaghetti the Naga Summoner began the quest for the Orb.
     0 | D:1      | Reached XP level 1. HP: 15/15 MP: 3/3
     0 | D:1      | magus.rc [v1.9.6]
     1 | D:1      | You fall into a shaft and drop 1 floor!
   190 | D:2      | Found a faded altar of an unknown god.
   211 | D:2      | Slain by a worm

Vanquished Creatures
  A giant cockroach (D:2)
  A goblin (D:2)
  A frilled lizard (D:2)
3 creatures vanquished.

Vanquished Creatures (collateral kills)
  2 bats (D:2)
2 creatures vanquished.

Grand Total: 5 creatures vanquished

Table legend:
 A = Non-vault XP
 B = Vault XP
 C = Vault XP percentage of total XP
 D = Non-vault monster count
 E = Vault monster count
 F = Vault count percentage of total count
                 A         B        C        D         E       F
            +---------+---------+-------+---------+---------+-------
      Total |       8 |       0 |   0.0 |       5 |       0 |   0.0
            +---------+---------+-------+---------+---------+-------
        D:2 |       8 |       0 |   0.0 |       5 |       0 |   0.0
            +---------+---------+-------+---------+---------+-------

Illustrated notes

Table legend:
 A = Kills in this place as a percentage of kills in entire the game.
 B = Kills by you in this place as a percentage of kills by you in the entire game.
 C = Kills by friends in this place as a percentage of kills by friends in the entire game.
 D = Other kills in this place as a percentage of other kills in the entire game.
 E = Experience gained in this place as a percentage of experience gained in the entire game.
 F = Experience gained in this place divided by the number of levels of this place that you have seen.
                   A       B       C       D       E      F
               +-------+-------+-------+-------+-------+----------------------
         Total | 100.0 | 100.0 | 100.0 |   N/A | 100.0 |   4.0
       Dungeon | 100.0 | 100.0 | 100.0 |   N/A | 100.0 |   4.0
               +-------+-------+-------+-------+-------+----------------------

Table legend: (Time is in decaauts)
 A = Elapsed time spent in this place.
 B = Non-inter-level travel time spent in this place.
 C = Inter-level travel time spent in this place.
 D = Time resting spent in this place.
 E = Time spent auto-exploring this place.
 F = Levels seen in this place.
 G = Mean time per level.
                   A        B        C        D        E       F      G
               +--------+--------+--------+--------+--------+-----+--------+
         Total |    227 |    227 |      0 |      0 |    165 |   2 |  113.5 |
       Dungeon |    227 |    227 |      0 |      0 |    165 |   2 |  113.5 |
               +--------+--------+--------+--------+--------+-----+--------+

Top non-repeatable levels by time:
     D:2: 226 daAuts
     D:1: 1 daAuts
